 Dungeon Crawl Stone Soup version 0.30-a0-534-gdc55766716 (webtiles) character file.

Game seed: 7839850620167043096

254 porpoise the Chopper (level 6, -2/56 HPs)
             Began as a Hill Orc Monk on Dec 25, 2022.
             Slain by a killer bee (7 damage)
             ... on level 3 of the Dungeon.
             The game lasted 00:10:07 (3694 turns).

porpoise the Chopper (Hill Orc Monk)                Turns: 3694, Time: 00:10:08

Health: -2/56      AC: 10    Str: 16    XL:     6   Next: 14%
Magic:  6/6        EV: 14    Int: 10    God:
Gold:   204        SH:  0    Dex: 13    Spells: 5/5 levels left

rFire   . . .      SeeInvis .    a - +0 hand axe
rCold   . . .      Faith    .    (no shield)
rNeg    . . .      Spirit   .    r - +4 scale mail of the Shore {+Inv rCorr}
rPois   .          Reflect  .    (no helmet)
rElec   .          Harm     .    (no cloak)
rCorr   +          Rampage  .    (no gloves)
Will    .....                    (no boots) Stlth
                                 (no amulet)
HPRegen 0.29/turn                p - +4 ring of evasion
MPRegen 0.10/turn                (no ring)

@: no status effects
A: no striking features
a: Evoke Invisibility


You were on level 3 of the Dungeon.
You visited 1 branch of the dungeon, and saw 4 of its levels.

You collected 204 gold pieces.

Inventory:

Hand Weapons
 a - a +0 hand axe (weapon)
Armour
 r - the +4 scale mail of the Shore (worn) {+Inv rCorr}
   (You found it on level 3 of the Dungeon)

   +Inv:      It lets you turn invisible.
   rCorr:     It protects you from acid and corrosion.
Jewellery
 p - a +4 ring of evasion (left hand)
Scrolls
 d - a scroll of teleportation {unknown}
 f - a scroll of noise {unknown}
 j - a scroll of enchant armour
 k - a scroll of immolation {unknown}
 n - a scroll of enchant weapon {unknown}
 o - a scroll of magic mapping
 q - a scroll of fear {unknown}
 t - a scroll of vulnerability {unknown}
Potions
 c - 2 potions of ambrosia
 e - 3 potions of brilliance
 g - 3 potions of berserk rage
 h - a potion of mutation
 i - a potion of cancellation
 l - a potion of heal wounds {unknown}
 m - a potion of might {unknown}
 s - a potion of attraction {unknown}


   Skills:
 + Level 5.4 Fighting
 * Level 7.6 Axes
 - Level 2.4 Dodging
 - Level 1.5 Stealth


You had 5 spell levels left.
You didn't know any spells.
Your spell library contained the following spells:

 Spells                   Type           Power      Damage    Failure   Level
 Hailstorm                Conj/Ice       0%         3d3       99%         3
 Ice Form                 Ice/Tmut       0%         N/A       100%        4
 Simulacrum               Ice/Necr       0%         N/A       100%        6


Dungeon Overview and Level Annotations

Branches:
Dungeon (4/15)
 Temple: D:4-7

Altars:
Ashenzari
Elyvilon
Makhleb
Xom


Message History

The killer bee is heavily wounded.
You feel sick. The killer bee misses you.
You miss the killer bee.
The killer bee is heavily wounded.
You feel sick.
You are no longer poisoned.
The killer bee barely misses you. x2
You barely miss the killer bee.
The killer bee is heavily wounded.
The killer bee stings you.
* * * LOW HITPOINT WARNING * * *
You are lethally poisoned!
The killer bee poisons you! The killer bee misses you.
You barely miss the killer bee.
The killer bee is heavily wounded.
* * * LOW HITPOINT WARNING * * *
You feel sick. The killer bee misses you. The killer bee closely misses you.
You feel better. The killer bee barely misses you. The killer bee stings you.
* * * LOW HITPOINT WARNING * * *
You closely miss the killer bee.
The killer bee is heavily wounded.
The killer bee closely misses you. The killer bee barely misses you.
You hit the killer bee.
The killer bee is severely wounded.
The killer bee stings you.
* * * LOW HITPOINT WARNING * * *
You closely miss the killer bee.
The killer bee is severely wounded.
The killer bee closely misses you. The killer bee stings you.
* * * LOW HITPOINT WARNING * * *
You barely miss the killer bee.
The killer bee is severely wounded.
The killer bee misses you. x2
You hit the killer bee but do no damage.
The killer bee is severely wounded.
The killer bee closely misses you. The killer bee misses you.
You completely miss the killer bee.
The killer bee is severely wounded.
The killer bee closely misses you. The killer bee stings you!
You die...

##.#.#.##.# ####
#......##.# #...
#.~~~..##.## #...
#.~_~.###>.# #...
#.~~~.# #..## #...
#.....###...#########...
##.#..#.................
#....#y#...............
####.#@#......#######..
#.#.#......# #..
#.#.#.###### #.# #.#.#.#
#.# #.#.#.# #.# #.#.#.#
#.# #.#.#.# #..
#.#.#.##############
#.#.#.##............


You could see a killer bee.

Vanquished Creatures
  A killer bee (D:3)
  Natasha (thrice) (D:2)
  Terence (D:2)
  5 adders
  3 dart slugs
  An orc (D:3)
  6 bats
  3 endoplasms
  2 giant cockroaches
  5 goblins
  6 hobgoblins
  4 jackals (D:1)
  3 quokkas
  6 ball pythons
  2 frilled lizards (D:2)
  6 kobolds
  11 rats
68 creatures vanquished.

Vanquished Creatures (others)
  12 plants (D:2)
12 creatures vanquished.

Grand Total: 80 creatures vanquished

Notes
Turn   | Place    | Note
-------+----------+-------------------------------------------
     0 | D:1      | porpoise the Hill Orc Monk began the quest for the Orb.
     0 | D:1      | Reached XP level 1. HP: 19/19 MP: 1/1
    85 | D:1      | Reached XP level 2. HP: 27/27 MP: 2/2
   703 | D:1      | Reached skill level 5 in Axes
   761 | D:1      | Reached XP level 3. HP: 28/33 MP: 3/3
  1265 | D:2      | Noticed Natasha
  1280 | D:2      | Killed Natasha
  1281 | D:2      | Reached XP level 4. HP: 15/41 MP: 4/4
  1628 | D:2      | Reached skill level 6 in Axes
  1825 | D:2      | Noticed Natasha
  1842 | D:2      | Killed Natasha
  1843 | D:2      | Reached XP level 5. HP: 11/47 MP: 5/5
  2103 | D:2      | Noticed Terence
  2120 | D:2      | Killed Terence
  2195 | D:2      | Noticed Natasha
  2207 | D:2      | Reached skill level 5 in Fighting
  2207 | D:2      | Killed Natasha
  2208 | D:2      | Reached skill level 7 in Axes
  2783 | D:3      | Identified the +4 scale mail of the Shore {+Inv rCorr}
  3137 | D:3      | Found a shimmering altar of Xom.
  3138 | D:3      | Found a broken altar of Ashenzari.
  3139 | D:3      | Found a white marble altar of Elyvilon.
  3142 | D:3      | Found a burning altar of Makhleb.
  3244 | D:3      | Found a faded altar of an unknown god.
  3684 | D:3      | Reached XP level 6. HP: 12/56 MP: 6/6
  3694 | D:3      | Slain by a killer bee

Illustrated notes

Levels and vault maps discovered:
D:1:      lightli_arrival_boilingwater, layout_basic
D:2:      layout_loops_ring, serial_forest, infiniplex_forest_straight_2,
          infiniplex_forest_lined_room_2, infiniplex_forest_straight_5,
          infiniplex_forest_clump_long, infiniplex_forest_clump_curved,
          infiniplex_forest_clump_curved, infiniplex_forest_end_2,
          infiniplex_forest_split, infiniplex_forest_lined_4_way,
          infiniplex_forest_lined_corner, kennysheep_generic_room_10,
          uniq_terence, uniq_natasha
D:3:      layout_basic, minitemple,
          hellmonk_ecumenical_altar_pennies_from_heaven, grunt_ministairs_11
D:4:      layout_rooms, mainiacjoe_overflow_six_doors_small

Skill      XL: |  1  2  3  4  5 |
---------------+----------------+-----
Fighting       | 4 5 |  5.4
Axes           | 5 6 7 |  7.6
Dodging        | |  2.4
Stealth        | |  1.5

Action                   |  1- 3 |  4- 6 || total
-------------------------+-------+-------++-------
Melee: Hand axe          |   103 |   166 ||   269
       Punch             |     1 |       ||     1
  Use: Scroll            |     6 |     1 ||     7
       Potion            |       |     4 ||     4
Armor: Robe              |     2 |       ||     2
       Leather armour    |    25 |    15 ||    40
       Scale mail        |       |    29 ||    29
Dodge: Dodged            |    74 |   123 ||   197

Table legend: (Time is in decaauts)
 A = Elapsed time spent in this place.
 B = Non-inter-level travel time spent in this place.
 C = Inter-level travel time spent in this place.
 D = Time resting spent in this place.
 E = Time spent auto-exploring this place.
 F = Levels seen in this place.
 G = Mean time per level.
                   A        B        C        D        E       F      G
               +--------+--------+--------+--------+--------+-----+--------+
         Total |   3724 |   3636 |     88 |    676 |   2288 |   4 |  931.0 |
       Dungeon |   3724 |   3636 |     88 |    676 |   2288 |   4 |  931.0 |
               +--------+--------+--------+--------+--------+-----+--------+

Top non-repeatable levels by time:
     D:2: 1484 daAuts
     D:1: 1209 daAuts
     D:3: 1007 daAuts
     D:4: 23 daAuts
